 Dungeon Sprint DCSS version 0.30-a0-1103-g25895a7845 (webtiles) character file.

Game seed: 4670259473468261106

125 rocky1 the Geomancer (level 4, 0/24 HPs)
             Began as a Deep Elf Earth Elementalist on Apr 18, 2023.
             Was a Follower of Sif Muna.
             Constricted to death by a ball python skeleton (1 damage)
             ... in the Dungeon (Sprint VII: "The Pits").
             The game lasted 00:00:41 (216 turns).

rocky1 the Geomancer (Deep Elf Earth Elementalist)   Turns: 216, Time: 00:00:41

Health: 0/24       AC:  2    Str:  5    XL:     4   Next: 82%
Magic:  11/15      EV: 11    Int: 22    God:    Sif Muna [*.....]
Gold:   0          SH:  0    Dex: 15    Spells: 16/17 levels left

rFire   . . .      SeeInvis .    (no weapon)
rCold   . . .      Faith    .    (no shield)
rNeg    . . .      Spirit   .    a - +0 robe
rPois   .          Reflect  .    (no helmet)
rElec   .          Rampage  .    (no cloak)
rCorr   .          NoTele   +    (no gloves)
Will    .....                    (no boots)
Stlth   +++                      (no amulet)
HPRegen 0.24/turn                (no ring)
MPRegen 0.14/turn                (no ring)

@: constricted
A: no striking features
a: Renounce Religion, Channel Magic


You were in the Dungeon.
You worshipped Sif Muna.
Sif Muna was aware of your devotion.
You visited 1 branch

Inventory:

Armour
 a - a +0 robe (worn)
Scrolls
 g - a scroll of blinking
 i - 5 scrolls of amnesia
 j - a scroll of butterflies
Potions
 b - 5 potions of magic
 c - a potion of curing
 d - a potion of heal wounds
 e - a potion of haste
 f - 3 potions of berserk rage
 h - 2 potions of invisibility


   Skills:
 + Level 4.7 Dodging
 + Level 4.0 Stealth
 + Level 7.1 Spellcasting
 + Level 1.1 Transmutations
 + Level 8.3 Earth Magic


You had 16 spell levels left.
You knew the following spells:

 Your Spells              Type           Power      Damage    Failure   Level
a - Sandblast             Erth           88%        2d18      1%          1

Your spell library contained the following spells:

 Spells                   Type           Power      Damage    Failure   Level
 Passwall                 Tmut/Erth      23%        N/A       1%          2
 Stone Arrow              Conj/Erth      52%        3d10      4%          3
 Petrify                  Tmut/Erth      28%        N/A       12%         4


Dungeon Overview and Level Annotations

Branches:
Dungeon (1/1)

Altars:
Ashenzari
Cheibriados
Dithmenos
Elyvilon
Fedhas
Gozag
Hepliaklqana
Kikubaaqudgha
Makhleb
Nemelex Xobeh
Okawaru
Qazlal
Ru
Sif Muna
Trog
Uskayaw
Vehumet
Wu Jian
Xom
Yredelemnul
Zin
The Shining One
Jiyva
Lugonu


Message History

Aim: a river rat (83% to hit)
The blast of sand misses the river rat.
The river rat misses you.
Unknown command.
Aiming: Sandblast (safe; 1% risk of failure)
Press: ? - help, Q - select action, (/) - cycle Shift-Dir - straight line, f/p - river rat
Aim: a river rat (83% to hit)
The blast of sand hits the river rat!
The river rat is severely wounded.
The river rat completely misses you.
Aiming: Sandblast (safe; 1% risk of failure)
Press: ? - help, Q - select action, (/) - cycle Shift-Dir - straight line, f/p - river rat
Aim: a river rat (severely wounded, 83% to hit)
The blast of sand hits the river rat.
The river rat is almost dead.
The river rat bites you but does no damage.
The river rat barely misses you.
Aiming: Sandblast (safe; 1% risk of failure)
Press: ? - help, Q - select action, (/) - cycle Shift-Dir - straight line, f - ice beast, p - river rat
Aim: an ice beast (85% to hit)
The blast of sand hits the ice beast!!
The ice beast is severely wounded.
The ice beast barely misses you. The river rat bites you.
The ball python skeleton bites you but does no damage.
The ball python skeleton grabs you.
The ball python skeleton constricts you.
Aiming: Sandblast (safe; 1% risk of failure)
Press: ? - help, Q - select action, (/) - cycle Shift-Dir - straight line, f/p - ice beast
Aim: an ice beast (severely wounded, 85% to hit)
The blast of sand hits the ice beast!
The ice beast is almost dead.
The ice beast hits you. The ice beast freezes you! The river rat bites you!
* * * LOW HITPOINT WARNING * * *
The ball python skeleton bites you.
* * * LOW HITPOINT WARNING * * *
The ball python skeleton constricts you.
The ice beast closely misses you. The river rat closely misses you.
The ball python skeleton closely misses you.
The ball python skeleton constricts you.
You die...

#.?(.')))'.##......#..
##########.##.........
#...........'.........
#+#####)#####......#..
#l.#...'.##.........
#..#...#.#####'#####
#..#####.##.......#
#..Z...#.##.......#
#.Y@...).##.......#
#.r########...<...#
#.. #.......# #..
#.......# ###
#.......# #########


You could see an ice beast, a river rat, a frilled lizard (asleep) and a ball
python skeleton.

Vanquished Creatures
  A floating eye (D)
  A gnoll (D)
  An adder (D)
  A goblin (D)
  A quokka (D)
5 creatures vanquished.

Notes
Turn   | Place    | Note
-------+----------+-------------------------------------------
     0 | D        | rocky1 the Deep Elf Earth Elementalist began the quest for
                  | the Orb.
     0 | D        | Reached XP level 1. HP: 10/10 MP: 6/6
    40 | D        | Found a bloodstained altar of Trog.
    40 | D        | Found a shimmering blue altar of Sif Muna.
    40 | D        | Found a viscous altar of Jiyva.
    40 | D        | Found a hazy altar of Hepliaklqana.
    40 | D        | Found an opulent altar of Gozag.
    41 | D        | Found a glowing golden altar of the Shining One.
    41 | D        | Found a glowing silver altar of Zin.
    41 | D        | Found a basalt altar of Yredelemnul.
    41 | D        | Found a shimmering altar of Xom.
    41 | D        | Found an ornate altar of the Wu Jian Council.
    41 | D        | Found a sacrificial altar of Ru.
    41 | D        | Found a stormy altar of Qazlal.
    41 | D        | Found an iron altar of Okawaru.
    41 | D        | Found a sparkling altar of Nemelex Xobeh.
    41 | D        | Found a burning altar of Makhleb.
    41 | D        | Found a blossoming altar of Fedhas.
    41 | D        | Found a white marble altar of Elyvilon.
    41 | D        | Found a shadowy altar of Dithmenos.
    41 | D        | Found a snail-covered altar of Cheibriados.
    44 | D        | Found a corrupted altar of Lugonu.
    44 | D        | Found a radiant altar of Vehumet.
    45 | D        | Found an ancient bone altar of Kikubaaqudgha.
    45 | D        | Found a hide-covered altar of Uskayaw.
    45 | D        | Found a broken altar of Ashenzari.
    46 | D        | Became a worshipper of Sif Muna the Loreminder
    60 | D        | Reached skill level 4 in Earth Magic
    60 | D        | Reached XP level 2. HP: 14/15 MP: 4/8
    63 | D        | Reached skill level 5 in Earth Magic
   135 | D        | Noticed a floating eye
   137 | D        | Killed a floating eye
   137 | D        | Reached * piety under Sif Muna
   138 | D        | Reached skill level 8 in Earth Magic
   138 | D        | Reached XP level 3. HP: 19/19 MP: 7/13
   138 | D        | Reached XP level 4. HP: 24/24 MP: 8/15
   211 | D        | Noticed an ice beast
   216 | D        | HP: 1/24 [ball python skeleton (2)]
   216 | D        | Constricted to death by a ball python skeleton

Illustrated notes

Levels and vault maps discovered:
D:        pitsprint [storerooms_1, entrance_room_1, metal_vault_5, armoury_1,
          mini_pit_1, grid_room_1, main_hall_1, silver_pit, the_coven_1,
          the_vestibule_1, steel_vault_3, golden_pit, hallway_of_sentries,
          crystal_vault_1, iron_vault_2, final_vault]

Skill      XL: |  1  2 |
---------------+-------+-----
Earth Magic    | 4 8 |  8.3
Dodging        | 4 |  4.7
Stealth        | 4 |  4.0
Spellcasting   | 7 |  7.1
Transmutations | |  1.1

Action                     |  1- 3 |  4- 6 || total
---------------------------+-------+-------++-------
  Melee: Unarmed           |       |     1 ||     1
   Cast: Sandblast         |     8 |     8 ||    16
 Armour: Robe              |       |     2 ||     2
  Dodge: Dodged            |     3 |    11 ||    14

Table legend: (Time is in decaauts)
 A = Elapsed time spent in this place.
 B = Non-inter-level travel time spent in this place.
 C = Inter-level travel time spent in this place.
 D = Time resting spent in this place.
 E = Time spent auto-exploring this place.
 F = Levels seen in this place.
 G = Mean time per level.
                   A        B        C        D        E       F      G
               +--------+--------+--------+--------+--------+-----+--------+
         Total |    223 |    223 |      0 |    126 |      0 |   1 |  223.0 |
       Dungeon |    223 |    223 |      0 |    126 |      0 |   1 |  223.0 |
               +--------+--------+--------+--------+--------+-----+--------+

Top non-repeatable levels by time:
       D: 223 daAuts
